 Dungeon Crawl Stone Soup version 0.30-a0-879-ga8ba668304 (webtiles) character file.

Game seed: 7688650543890857894

4104 Newt the Skirmisher (level 10, -1/61 HPs)
             Began as a Kobold Hunter on Mar 13, 2023.
             Was a Follower of Hepliaklqana.
             Slain by a vampire (6 damage)
             ... on level 9 of the Dungeon.
             The game lasted 00:08:17 (9922 turns).

Newt the Skirmisher (Kobold Hunter)                 Turns: 9922, Time: 00:08:18

Health: -1/61      AC:  8    Str:  8    XL:     10   Next: 50%
Magic:  10/10      EV: 22    Int: 16    God:    Hepliaklqana [*.....]
Gold:   416        SH:  0    Dex: 24    Spells: 9/9 levels left

rFire   . . .      SeeInvis .    a - +4 shortbow (elec)
rCold   . . .      Faith    .    (shield currently unavailable)
rNeg    . . .      Spirit   .    F - +0 acid dragon scales
rPois   .          Reflect  .    g - +1 helmet
rElec   .          Rampage  .    (no cloak)
rCorr   +                        (no gloves)
Will    +....                    (no boots)
Stlth   +++                      (no amulet)
HPRegen 0.30/turn                p - ring of willpower
MPRegen 0.12/turn                w - +6 ring of intelligence

@: lethally poisoned (-1 -> -4), studying Spellcasting
A: reduced essence, small, no large weapons, nightstalker 3
a: Renounce Religion, Recall Ancestor, Ancestor Identity


You were on level 9 of the Dungeon.
You worshipped Hepliaklqana.
Hepliaklqana was aware of your devotion.
You visited 2 branches of the dungeon, and saw 10 of its levels.
You also visited: Ossuary.

You collected 481 gold pieces.
You spent 65 gold pieces at shops.

Inventory:

Hand Weapons
 a - a +4 shortbow of electrocution (weapon)
Missiles
 o - 3 atropa-tipped darts
 v - a throwing net
Armour
 c - a +0 leather armour
 g - a +1 helmet (worn)
 F - +0 acid dragon scales (worn)
Jewellery
 p - a ring of willpower (left hand)
 w - a +6 ring of intelligence (right hand)
Wands
 y - a wand of iceblast (3)
 A - a wand of mindburst (15)
 C - a wand of flame (17)
 D - a wand of polymorph (8)
Scrolls
 b - 3 scrolls of immolation
 i - a scroll of torment
 n - a scroll of poison
 s - 2 scrolls of amnesia
 t - 2 scrolls of brand weapon
 u - 2 scrolls of vulnerability
 B - a scroll of magic mapping
 E - a scroll of identify
Potions
 d - 7 potions of curing
 e - a potion of degeneration
 f - 2 potions of flight
 h - 3 potions of magic
 j - 3 potions of heal wounds
 k - a potion of mutation
 l - a potion of might
 m - 3 potions of brilliance
 q - 4 potions of resistance
 r - a potion of lignification
 x - 3 potions of haste
 z - 4 potions of attraction


   Skills:
 - Level 10.9 Fighting
 + Level 14.3 Ranged Weapons
 - Level 10.9 Dodging
 - Level 1.3 Stealth


You had 9 spell levels left.
You didn't know any spells.
Your spell library contained the following spells:

 Spells                   Type           Power      Damage    Failure   Level
 Summon Small Mammal      Summ           0%         N/A       41%         1
 Call Canine Familiar     Summ           0%         N/A       80%         3
 Dazzling Flash           Conj/Hex       0%         N/A       80%         3
 Summon Guardian Golem    Hex/Summ       0%         N/A       80%         3
 Iskenderun's Mystic Bla  Conj/Tloc      0%         2d3       99%         4
 Summon Forest            Summ/Tloc      0%         N/A       100%        5
 Eringya's Noxious Bog    Tmut/Pois      0%         N/A       100%        6
 Starburst                Conj/Fire      0%         6d3       100%        6
 Summon Hydra             Summ           0%         N/A       100%        7


Dungeon Overview and Level Annotations

Branches:
Dungeon (9/15)             Temple (1/1) D:7         Ossuary (visited)
   Lair: D:8-11         Orc: D:9-12

Altars:
Ashenzari
Dithmenos
Fedhas
Gozag
Hepliaklqana
Makhleb
Nemelex Xobeh
Qazlal
Ru
Sif Muna
Trog
Uskayaw
Vehumet
Wu Jian
Xom
Yredelemnul
Zin
The Shining One

Shops:
D:5 !   D:7 :


Innate Abilities, Weirdness & Mutations

Your life essence is reduced to manifest your ancestor. (-10% HP)
You are small and have problems with some larger weapons.
You are completely attuned to the shadows.


Message History

Maurice is severely wounded.
Maurice zaps a wand.
The puff of flame misses you.
The vampire misses Friðuswiþ.
The vampire bites Friðuswiþ!
You shoot an arrow. The arrow hits Maurice.
Maurice is severely wounded.
Maurice hits you with a +2 dagger of venom!
Maurice steals 6 of your 9 atropa-tipped darts!
You are poisoned.
You shoot an arrow. The arrow hits Maurice!
Lightning courses through Maurice!
You kill Maurice!
You feel very sick.
Friðuswiþ hits the vampire but does no damage.
The vampire casts a spell.
The vampire flickers and vanishes!
Deactivating autopickup; reactivate with Ctrl-A.
You shoot an arrow.
You feel very sick.
Friðuswiþ hits something.
Something closely misses you. x2
Unknown command.
You shoot an arrow.
You feel very sick.
Friðuswiþ closely misses something.
Something hits you. Something bites you.
Something draws strength from your injuries!
You shoot an arrow.
You feel sick.
Friðuswiþ completely misses something.
Something misses you. Something barely misses you.
You shoot an arrow.
You feel sick.
Friðuswiþ hits something but does no damage.
Something hits Friðuswiþ but does no damage.
Something bites Friðuswiþ.
You shoot an arrow.
You feel sick.
Friðuswiþ closely misses something.
You shoot an arrow.
You feel sick. Something draws life force from you!
* * * LOW HITPOINT WARNING * * *
You feel sick.
Friðuswiþ hits something.
Unknown command.
You shoot an arrow. Friðuswiþ avoids your attack.
You feel sick.
Friðuswiþ hits something but does no damage.
Something hits you!
* * * LOW HITPOINT WARNING * * *
Something bites you.
You die...

##...#####.....#
#.# #.# ##.##
#.###.# #.# #.#
#.# #.# #.#
###.### #.# #.#
#.# #.# #.....#
#.# #.# #.#
#.#####.###.# #.#
##.## #.#
#.......# #.# ##.#
##R#.## #.#
#######.###.# #...
#.###.####.#######
#.....# #... .##
##..).....R{@#
####### #...
#R###.########.#)#
#.#. ##.#..# #.#.#
#.## ##.#.# #.#.#
# ####÷# #.#.#
....[# ###..# #..#
#..#


You could see the friendly Friðuswiþ the ancestor.

Vanquished Creatures
  Maurice (D:9)
  Grinder (D:3)
  A wyvern (D:7)
  An acid dragon (D:9)
  2 ice beasts
  A black bear (D:7)
  An orc warrior (D:3)
  A sky beast (D:8)
  2 ogres
  An elf zombie (Ossuary)
  2 bullfrogs
  3 scorpions
  13 wights (D:7)
  8 killer bees
  A howler monkey (D:5)
  2 hounds
  2 jellies
  An orc priest (D:4)
  A gnoll bouda (D:5)
  2 orc wizards
  2 hound zombies (Ossuary)
  4 mummies (Ossuary)
  3 gnolls (D:5)
  7 adders
  A white imp (D:5)
  2 adder zombies (Ossuary)
  4 worms
  28 orcs
  6 ball pythons
  2 endoplasms
  2 giant cockroaches (D:2)
  8 hobgoblins
  2 quokkas
  2 bats (D:1)
  2 frilled lizards
  9 goblins
  A goblin zombie (Ossuary)
  2 jackal zombies (Ossuary)
  5 kobolds
  2 kobold zombies (Ossuary)
  4 rats
  2 rat zombies (Ossuary)
147 creatures vanquished.

Vanquished Creatures (collateral kills)
  A steam dragon (D:8)
  2 killer bees (D:9)
3 creatures vanquished.

Grand Total: 150 creatures vanquished

Notes
Turn   | Place    | Note
-------+----------+-------------------------------------------
     0 | D:1      | Newt the Kobold Hunter began the quest for the Orb.
     0 | D:1      | Reached XP level 1. HP: 12/12 MP: 1/1
   343 | D:1      | Reached XP level 2. HP: 18/18 MP: 2/2
   608 | D:1      | Found a faded altar of an unknown god.
  1462 | D:2      | Reached XP level 3. HP: 15/23 MP: 3/3
  1704 | D:2      | Found a glowing silver altar of Zin.
  2117 | D:3      | Noticed Grinder
  2119 | D:3      | Noticed a scorpion
  2124 | D:3      | Killed a scorpion
  2125 | D:3      | Reached skill level 5 in Fighting
  2125 | D:3      | Reached XP level 4. HP: 31/31 MP: 4/4
  2125 | D:3      | Reached XP level 5. HP: 35/35 MP: 5/5
  2129 | D:3      | Killed Grinder
  2130 | D:3      | Reached skill level 7 in Ranged Weapons
  2130 | D:3      | Reached XP level 6. HP: 40/40 MP: 6/6
  2151 | D:3      | Found a blossoming altar of Fedhas.
  2224 | D:3      | Reached skill level 8 in Ranged Weapons
  2262 | D:3      | Noticed an orc warrior
  2271 | D:3      | Killed an orc warrior
  2272 | D:3      | Reached XP level 7. HP: 12/44 MP: 7/7
  3422 | D:4      | Found a stormy altar of Qazlal.
  3520 | D:4      | Reached skill level 9 in Ranged Weapons
  3522 | D:4      | Found a sand-covered staircase.
  3527 | Ossuary  | Entered an ossuary
  4239 | D:4      | Found a burning altar of Makhleb.
  4246 | D:4      | Reached skill level 10 in Ranged Weapons
  4410 | D:4      | Reached skill level 10 in Fighting
  4410 | D:4      | Reached skill level 10 in Dodging
  4410 | D:4      | Reached XP level 8. HP: 59/59 MP: 8/8
  4926 | D:5      | Entered Level 5 of the Dungeon
  4949 | D:5      | Found Cuusysk's Distillery.
  4960 | D:5      | Bought a potion of heal wounds for 65 gold pieces
  5014 | D:5      | Found a bloodstained altar of Trog.
  5056 | D:5      | Found a hide-covered altar of Uskayaw.
  5287 | D:5      | Reached XP level 9. HP: 63/63 MP: 9/9
  5693 | D:5      | Found a shadowy altar of Dithmenos.
  5913 | D:6      | Found a sparkling altar of Nemelex Xobeh.
  5984 | D:6      | Reached skill level 11 in Ranged Weapons
  6559 | D:6      | Identified a scroll of acquirement
  6559 | D:6      | Acquired a manual of Spellcasting
  7067 | D:7      | Found a glowing silver altar of Zin.
  7071 | D:7      | Found a staircase to the Ecumenical Temple.
  7115 | Temple   | Entered the Ecumenical Temple
  7248 | Temple   | Became a worshipper of Hepliaklqana the Forgotten
  7391 | D:7      | Reached skill level 12 in Ranged Weapons
  7856 | D:7      | Reached XP level 10. HP: 64/65 MP: 10/10
  8093 | D:7      | Found Vuen's Book Emporium.
  8549 | D:7      | Reached skill level 13 in Ranged Weapons
  8754 | D:7      | Found an ornate altar of the Wu Jian Council.
  8947 | D:8      | Reached * piety under Hepliaklqana
  9132 | D:8      | Found a sacrificial altar of Ru.
  9322 | D:8      | Identified the +0 shortbow "Juyr" {freeze, *Slow rPois rN+
                  | Int+8}
  9578 | D:9      | Reached skill level 14 in Ranged Weapons
  9906 | D:9      | Noticed Maurice
  9914 | D:9      | Killed Maurice
  9922 | D:9      | Slain by a vampire

Illustrated notes

Levels and vault maps discovered:
D:1:      minmay_arrival_shattered_statue, layout_loops_corners,
          shapermc_ecumenical_altar_notcrosses
D:2:      layout_loops_cross, basic_altar, grunt_decor_cap
D:3:      layout_loops_cross, lemuel_doored_altar, uniq_grinder
D:4:      layout_basic, nicolae_qazlal_eye_of_the_storm,
          mainiacjoe_overflow_tiny_flanked,
          nicolae_ossuary_entry_false_entrances
D:5:      layout_basic, eat_drink_and_be_merry_uskayaw,
          mainiacjoe_overflow_alcove_4,
          nicolae_dithmenos_through_a_glass_darkly, serial_shops,
          nicolae_stop_n_shop_2
D:6:      layout_loops_corners, mainiacjoe_overflow_chevrons
D:7:      layout_basic, lemuel_coloured_pillars_altar, kennysheep_mini,
          minmay_temple_entry_tees, serial_shops, nicolae_shop_crystal
D:8:      layout_loops_cross, nicolae_ru_path_of_blood,
          eino_small_chamber_without_monster
D:9:      layout_loops_ring, serial_shops, shop, shop, kennysheep_mini_moat,
          nicolae_shop_competitors_out_of_business, minmay_misc_feat_doors,
          uniq_maurice
Temple:   minmay_temple_curvy_loop

Skill      XL: |  1  2  3  4  5  6  7  8  9 10 |
---------------+-------------------------------+-----
Fighting       | 3 5 10 | 10.9
Ranged Weapons | 7 8 10 12 14 | 14.3
Dodging        | 10 | 10.9
Stealth        | |  1.3

Action                     |  1- 3 |  4- 6 |  7- 9 | 10-12 || total
---------------------------+-------+-------+-------+-------++-------
   Fire: Shortbow          |    58 |    19 |   213 |    62 ||   352
    Use: Scroll            |     7 |     1 |    18 |       ||    26
         Potion            |     1 |       |     3 |       ||     4
 Armour: Leather armour    |     1 |       |    32 |     4 ||    37
  Dodge: Dodged            |     8 |     1 |   144 |    32 ||   185

Table legend: (Time is in decaauts)
 A = Elapsed time spent in this place.
 B = Non-inter-level travel time spent in this place.
 C = Inter-level travel time spent in this place.
 D = Time resting spent in this place.
 E = Time spent auto-exploring this place.
 F = Levels seen in this place.
 G = Mean time per level.
                   A        B        C        D        E       F      G
               +--------+--------+--------+--------+--------+-----+--------+
         Total |   9940 |   9493 |    447 |   1888 |   6727 |  11 |  903.6 |
       Dungeon |   9237 |   8866 |    371 |   1585 |   6479 |   9 | 1026.3 |
        Temple |    190 |    115 |     75 |      0 |    111 |   1 |  190.0 |
       Ossuary |    513 |    513 |      0 |    303 |    137 |   1 |  513.0 |
               +--------+--------+--------+--------+--------+-----+--------+

Top non-repeatable levels by time:
     D:7: 1711 daAuts
     D:3: 1195 daAuts
     D:4: 1140 daAuts
     D:1: 1063 daAuts
     D:6: 1049 daAuts
     D:2: 1041 daAuts
     D:5: 975 daAuts
     D:8: 572 daAuts
 Ossuary: 513 daAuts
     D:9: 486 daAuts
  Temple: 190 daAuts
